Match 41545588
Unlisted

Match 41545588
End
Construct Section Command Post
Royal Engineer Section
Infantry Section
Selects Canadian Shock Battlegroup
Vickers Machine Gun Team
Selects Attacking Spirit
Infantry Section
Selects Canadian Shock Section
Selects Canadian Shock Section
Construct Field Infirmary
Royal Engineer Section
Construct Platoon Command Post
Selects Incendiary Munitions
Unlock M3 Stuart Light Tanks
Grenade Package
M3 Stuart Light Tank
M3 Stuart Light Tank
Selects Pyrotechnics
6-pounder Anti-tank Gun Team
6-pounder Anti-tank Gun Team
Houpo
pritongbaboy
KevinTDW
TiltedTurnip
0
0

Comments sign in to comment!

No comments posted yet!